 Dungeon Crawl Stone Soup version 0.31-a0-237-g2d982f9f85 (webtiles) character file.

Game seed: 6912298776682856119

1740 Vomitron the Grappler (level 8, 80/80 HPs)
             Began as a Troll Fighter on July 12, 2023.
             Was an Initiate of Ru.
             Quit the game on level 6 of the Dungeon.
             The game lasted 00:06:31 (3943 turns).

Vomitron the Grappler (Troll Fighter)               Turns: 3943, Time: 00:06:32

Health: 80/80      AC:  6    Str: 25    XL:     8   Next: 77%
Magic:  7/7        EV: 14    Int:  4    God:    Ru [......]
Gold:   342        SH: 10    Dex: 11    Spells: 7/7 levels left

rFire   + .          .
                       - Unarmed
rCold   + . .        b - +1 kite shield
rNeg    + . .        w - +2 robe {rC+ rF+}
rPois   .            (helmet restricted)
rElec   .            (no cloak)
rCorr   .            (gloves unavailable)
SInv    .            (boots unavailable)
Will    .....        f - amulet of regeneration
Stlth   +            n - +5 ring of evasion
HPRegen 1.93/turn    q - ring of positive energy
MPRegen 0.10/turn

%: no passive effects
@: no status effects
A: large, unfitting armour, claws 3, regeneration 1, shaggy fur 1, tough skin 1
a: Renounce Religion


You were on level 6 of the Dungeon.
You worshipped Ru.
Ru was noncommittal.
You visited 2 branches of the dungeon, and saw 7 of its levels.

You collected 342 gold pieces.

Inventory:

Hand Weapons
 v - a +0 whip of electrocution
Armour
 a - a +0 robe
 b - a +1 kite shield (worn)
 w - a +2 robe of resistance (worn)
Jewellery
 d - an amulet of magic regeneration
 f - an amulet of regeneration (around neck)
 l - an amulet of the acrobat
 n - a +5 ring of evasion (left claw)
 p - a ring of flight
 q - a ring of positive energy (right claw)
Scrolls
 e - 2 scrolls of amnesia
 g - a scroll of fog
 k - a scroll of enchant armour
 m - a scroll of teleportation
 t - a scroll of poison
 y - a scroll of fear {unknown}
 z - a scroll of noise {unknown}
Potions
 c - 2 potions of might
 h - a potion of lignification {unknown}
 i - a potion of haste {unknown}
 j - 3 potions of curing
 o - a potion of invisibility
 r - a potion of cancellation {unknown}
 s - a potion of berserk rage {unknown}
 u - a potion of heal wounds {unknown}
 x - a potion of enlightenment {unknown}


   Skills:
 + Level 5.3 Fighting
 - Level 2.4 Dodging
 + Level 5.8 Shields
 * Level 8.2 Unarmed Combat


You had 7 spell levels left.
You didn't know any spells.
Your spell library was empty.

Dungeon Overview and Level Annotations

Branches:
Dungeon (6/15)             Temple (1/1) D:6

Altars:
Ashenzari
Cheibriados
Dithmenos
Elyvilon
Fedhas
Hepliaklqana
Kikubaaqudgha
Makhleb
Nemelex Xobeh
Okawaru
Qazlal
Ru
Sif Muna
Wu Jian
Xom
The Shining One


Innate Abilities, Weirdness & Mutations

You are too large for most types of armour.
You have claws for hands.
Your natural rate of healing is unusually fast.
You are covered in fur. (AC +1)
You have tough skin. (AC +1)


Message History

You barely miss the orc. You block the orc's attack.
An orc is nearby!
You claw the orc!
You kill the orc!
Things that are here:
a +0 short sword of flaming; a +0 scale mail No target in view!
An iguana comes into view.
Found 18 gold pieces and 4 stones.
An iguana is nearby!
The iguana hisses angrily.
An iguana is nearby!
An iguana is nearby!
You block the iguana's attack.
An iguana is nearby!
You barely miss the iguana. You block the iguana's attack.
An iguana is nearby!
You claw the iguana!
The iguana is severely wounded.
An iguana is nearby!
You closely miss the iguana.
The iguana is severely wounded.
The iguana misses you.
An iguana is nearby!
You claw the iguana!
You kill the iguana!
You now have 323 gold pieces (gained 18).
You now have 342 gold pieces (gained 19).
Found a stone staircase leading down.
Okay, then.
Unknown command.
Unknown command.
You don't know any spells.
Okay, then.
Okay, then.
Okay, then.
Unknown command.
Unknown command.
Unknown command.
Are you sure you want to abandon this character and quit the game? (Confirm with "yes".)

...##.#..#.##.###....###
.........#.##.# #..)..#.
####.........# #....##.
####.########..)..'. #.#
#......#.
#.#######......#.
#.#.......##...##
>#######.#.#####.####)#.
.......@.#.#####...##...
##########.##...........
#.##.##........
#.#.#.#.##.###.
#..###..##.# ##
##.#.#.####.# #......#
#.# #..###.####.###
#..###.##.....#


There were no monsters in sight!

Vanquished Creatures
  Pikel (D:5)
  Prince Ribbit (D:5)
  A black bear (D:4)
  An ogre (D:4)
  A phantom (D:5)
  2 lemures (D:5)
  A bullfrog (D:5)
  3 scorpions
  3 hounds
  A jelly (D:5)
  An orc priest (D:5)
  A sleepcap (D:4)
  5 iguanas
  2 orc wizards (D:4)
  11 adders
  4 gnolls (D:5)
  3 white imps
  An ufetubus (D:5)
  2 worms
  3 dart slugs
  19 orcs
  3 bats
  3 endoplasms
  4 giant cockroaches
  6 goblins
  7 hobgoblins
  5 kobolds
  3 quokkas
  3 ball pythons
  2 frilled lizards (D:1)
  4 rats
107 creatures vanquished.

Notes
Turn   | Place    | Note
-------+----------+-------------------------------------------
     0 | D:1      | Vomitron the Troll Fighter began the quest for the Orb.
     0 | D:1      | Reached XP level 1. HP: 22/22 MP: 0/0
   218 | D:1      | Reached XP level 2. HP: 29/29 MP: 1/1
   727 | D:2      | Reached XP level 3. HP: 36/36 MP: 2/2
   785 | D:2      | Reached skill level 3 in Unarmed Combat
  1328 | D:3      | Reached XP level 4. HP: 42/44 MP: 3/3
  1331 | D:3      | Identified the +2 leather armour of Okawaru's Regard {rElec
                  | rC+ rCorr Int+3}
  1374 | D:3      | Identified the +3 leather armour of the Countless Curses
                  | {rElec rCorr Str-4 Stlth+}
  2243 | D:4      | Reached skill level 4 in Unarmed Combat
  2243 | D:4      | Reached XP level 5. HP: 53/53 MP: 4/4
  2319 | D:4      | Noticed a black bear
  2330 | D:4      | Killed a black bear
  2331 | D:4      | Reached XP level 6. HP: 50/61 MP: 5/5
  2526 | D:4      | Reached skill level 5 in Unarmed Combat
  2628 | D:4      | Found a hazy altar of Hepliaklqana.
  2758 | D:4      | Found an ornate altar of the Wu Jian Council.
  2831 | D:5      | Entered Level 5 of the Dungeon
  2891 | D:5      | Noticed Prince Ribbit
  2907 | D:5      | Reached XP level 7. HP: 68/68 MP: 6/6
  2930 | D:5      | Killed Prince Ribbit
  2931 | D:5      | Reached skill level 6 in Unarmed Combat
  3037 | D:5      | Noticed Pikel
  3081 | D:5      | Reached skill level 5 in Shields
  3081 | D:5      | Reached XP level 8. HP: 79/79 MP: 7/7
  3101 | D:5      | Killed Pikel
  3102 | D:5      | Reached skill level 5 in Fighting
  3102 | D:5      | Reached skill level 7 in Unarmed Combat
  3302 | D:5      | Reached skill level 8 in Unarmed Combat
  3669 | D:6      | Found a staircase to the Ecumenical Temple.
  3681 | Temple   | Entered the Ecumenical Temple
  3780 | Temple   | Became a worshipper of Ru the Awakened
  3943 | D:6      | Quit the game

Illustrated notes

Levels and vault maps discovered:
D:1:      ncdulo_smallfort, layout_basic, moated_statue
D:2:      layout_loops_ring, minmay_misc_feat_columns
D:3:      layout_basic, serial_corexii_hall, corexii_hall_statues_i,
          corexii_hall_statues_u, corexii_hall_statues_t,
          amcnicky_mini_rare_corridor_liquid, kennysheep_generic_room_13
D:4:      layout_rooms, nicolae_wu_jian_immortal_techniques,
          mainiacjoe_overflow_surrounded_room
D:5:      layout_basic, uniq_prince_ribbit1, uniq_pikel
D:6:      layout_loops_cross, minmay_temple_entry_hall
Temple:   jpeg_temple_clearing

Skill      XL: |  1  2  3  4  5  6  7  8 |
---------------+-------------------------+-----
Shields        | 3 4 5 |  5.8
Unarmed Combat | 3 4 5 6 8 |  8.2
Fighting       | 3 4 5 |  5.3
Dodging        | |  2.4

Action                     |  1- 3 |  4- 6 |  7- 9 || total
---------------------------+-------+-------+-------++-------
  Melee: Unarmed           |    81 |   104 |   134 ||   319
    Use: Scroll            |       |    11 |       ||    11
   Stab: Sleeping          |     1 |     1 |       ||     2
 Armour: Robe              |    28 |    29 |    15 ||    72
  Dodge: Dodged            |    25 |    49 |    48 ||   122
  Block: Kite shield       |    24 |    48 |    63 ||   135

Table legend: (Time is in decaauts)
 A = Elapsed time spent in this place.
 B = Non-inter-level travel time spent in this place.
 C = Inter-level travel time spent in this place.
 D = Time resting spent in this place.
 E = Time spent auto-exploring this place.
 F = Levels seen in this place.
 G = Mean time per level.
                   A        B        C        D        E       F      G
               +--------+--------+--------+--------+--------+-----+--------+
         Total |   3946 |   3780 |    166 |      9 |   2959 |   7 |  563.7 |
       Dungeon |   3831 |   3681 |    150 |      9 |   2900 |   6 |  638.5 |
        Temple |    115 |     99 |     16 |      0 |     59 |   1 |  115.0 |
               +--------+--------+--------+--------+--------+-----+--------+

Top non-repeatable levels by time:
     D:3: 926 daAuts
     D:5: 806 daAuts
     D:2: 651 daAuts
     D:4: 640 daAuts
     D:1: 619 daAuts
     D:6: 186 daAuts
  Temple: 115 daAuts
